 Dungeon Crawl Stone Soup version 0.21.1-1-g345015f (webtiles) character file.

117 goulibeur the Distorting Demonspawn (level 4, 0/36 HPs)
             Began as a Demonspawn Abyssal Knight on July 7, 2018.
             Was a Believer of Lugonu.
             Succumbed to Crazy Yiuf's poison
             ... on level 2 of the Dungeon.
             The game lasted 00:07:54 (3144 turns).

goulibeur the Distorting Demonspawn (DsAK)          Turns: 3144, Time: 00:07:54

Health: 0/36       AC:  8    Str: 12    XL:     4   Next: 71%
Magic:  3/7        EV: 10    Int: 14    God:    Lugonu [**....]
Gold:   84         SH:  0    Dex: 13    Spells: 3/3 levels left

rFire    . . .     SeeInvis +   a - +1 short sword
rCold    . . .     Gourm    .   (no shield)
rNeg     . . .     Faith    .   q - +0 ring mail (curse)
rPois    .         Spirit   .   o - +0 helmet
rElec    .         Reflect  .   (no cloak)
rCorr    .         Harm     .   (no gloves)
MR       .....                  (no boots)
Stlth    +.........             (no amulet)
HPRegen  0.12/turn              f - ring of see invisible
MPRegen  0.10/turn              (no ring)

@: lethally poisoned (0 -> -7), drained
A: yellow scales 1, rot immunity
a: Depart the Abyss, Bend Space, Renounce Religion


You were on level 2 of the Dungeon.
You worshipped Lugonu.
Lugonu was pleased with you.
You were not hungry.

You visited 1 branch of the dungeon, and saw 2 of its levels.
You visited the Abyss 1 time.

You collected 84 gold pieces.

Inventory:

Hand Weapons
 a - a +1 short sword (weapon)
Armour
 b - a +0 leather armour
 g - a +0 chain mail
 o - a +0 helmet (worn)
 p - a +0 scale mail
 q - a cursed +0 ring mail (worn)
Jewellery
 f - a ring of see invisible (left hand)
Scrolls
 h - 2 scrolls of random uselessness {unknown}
 k - a scroll of teleportation {unknown}
 l - a scroll of immolation {unknown}
 m - 5 scrolls of identify {unknown}
 r - a scroll of remove curse {unknown}
Potions
 d - a potion of agility {unknown}
 e - a potion of degeneration {unknown}
 i - a potion of lignification {unknown}
 n - a potion of haste {unknown}
 s - a potion of brilliance {unknown}
Comestibles
 c - 2 rations


   Skills:
 + Level 3.6(3.1) Fighting
 - Level 1.7(1.3) Short Blades
 + Level 2.5(2.0) Armour
 + Level 1.8(1.4) Dodging
 * Level 4.5(4.0) Invocations


You had 3 spell levels left.
You didn't know any spells.

Dungeon Overview and Level Annotations

Branches:
Dungeon (2/15)

Altars:

Annotations:
D:2 Crazy Yiuf


Innate Abilities, Weirdness & Mutations

You are partially covered in yellow scales. (AC +2)
You are immune to rotting.


Message History

Crazy Yiuf hits you but does no damage.
You hit Crazy Yiuf.
Crazy Yiuf is severely wounded.
* * * LOW HITPOINT WARNING * * *
You feel sick.
Crazy Yiuf hits you with a quarterstaff of chaos.
* * * LOW HITPOINT WARNING * * *
Crazy Yiuf burns you.
* * * LOW HITPOINT WARNING * * *
You barely miss Crazy Yiuf.
Crazy Yiuf is severely wounded.
Crazy Yiuf hits you but does no damage.
You are more poisoned.
You barely miss Crazy Yiuf.
Crazy Yiuf is severely wounded.
* * * LOW HITPOINT WARNING * * *
You feel sick. Crazy Yiuf barely misses you.
You hit Crazy Yiuf.
Crazy Yiuf is almost dead.
You die...

#######♣♣♣♣♣
#.....#..♣.♣♣♣ ####
#.........♣..♣#...#
#........♣♣♣♣.@g..#
#.....#.♣♣ ♣♣#..)#
#....##♣♣ ####
#....# #....#
###....############
..'....>.'........#
###...)..########.#
#......# #.#


You could see Crazy Yiuf.

Vanquished Creatures
  Robin (D:2)
  3 adders (D:2)
  An ooze (D:2)
  A dart slug (D:1)
  A leopard gecko (D:1)
  3 bats
  3 giant cockroaches
  11 goblins
  13 hobgoblins
  8 jackals (D:2)
  7 kobolds
  A quokka (D:2)
  7 frilled lizards
  6 rats
66 creatures vanquished.

Notes
Turn   | Place    | Note
-------+----------+-------------------------------------------
     0 | Abyss:1  | goulibeur the Demonspawn Abyssal Knight began the quest for the Orb.
     0 | Abyss:1  | Reached XP level 1. HP: 18/18 MP: 2/2
    41 | Abyss:1  | Noticed a small abomination
    41 | Abyss:1  | Noticed a deep elf mage
    42 | D:1      | Escaped the Abyss
   147 | D:1      | Reached skill level 1 in Dodging
   610 | D:1      | Gained mutation: You are immune to rotting. [demonic ancestry]
   610 | D:1      | Reached XP level 2. HP: 17/24 MP: 4/4
   710 | D:1      | Reached * piety under Lugonu
   836 | D:1      | Reached skill level 3 in Invocations
  1316 | D:2      | Gained mutation: You are partially covered in yellow scales. (AC +2) [demonic ancestry]
  1316 | D:2      | Reached XP level 3. HP: 7/29 MP: 5/5
  1590 | D:2      | Noticed Robin
  1996 | D:2      | Killed Robin
  1996 | D:2      | Reached skill level 4 in Invocations
  2018 | D:2      | Reached XP level 4. HP: 27/35 MP: 7/7
  2170 | D:2      | Reached ** piety under Lugonu
  3032 | D:2      | Found a runed door.
  3130 | D:2      | Noticed Crazy Yiuf
  3143 | D:2      | HP: 1/36 [poisoned by Crazy Yiuf]
  3144 | D:2      | Succumbed to Crazy Yiuf's poison

Skill      XL: |  1  2  3 |
---------------+----------+-----
Dodging        | 1 |  1.8
Armour         | 2 |  2.5
Invocations    | 3 4 |  4.5
Fighting       | |  3.6
Short Blades   | |  1.7

Action                   |  1- 3 |  4- 6 || total
-------------------------+-------+-------++-------
Melee: Short sword       |   164 |   158 ||   322
Invok: Depart the Abyss  |     1 |       ||     1
  Eat: Chunk             |     1 |     3 ||     4
       Ration            |     1 |       ||     1
Armor: Chain mail        |   143 |    25 ||   168
       Leather armour    |     3 |       ||     3
       Ring mail         |       |    60 ||    60
Dodge: Dodged            |    72 |    61 ||   133
